 Dungeon Crawl Stone Soup version 0.26-a0-720-g2a1d101370 (webtiles) character file.

Game seed: 3594717730949356447

127472 runemasterragnar the Geomancer (level 17, -17/141 HPs)
             Began as an Octopode Earth Elementalist on Nov 4, 2020.
             Was an Initiate of Gozag.
             Demolished by a shambling mangrove (19 damage)
             ... on level 3 of the Swamp.
             The game lasted 02:02:14 (50023 turns).

runemasterragnar the Geomancer (OpEE)              Turns: 50023, Time: 02:02:15

Health: -17/141    AC: 32    Str:  7    XL:     17   Next: 1%
Magic:  30/30      EV: 15    Int: 24    God:    Gozag
Gold:   1966       SH: 13    Dex: 19    Spells: 3/34 levels left

rFire    . . .     SeeInvis +   x - +8 scimitar (flame)
rCold    + . .     Faith    .   d - +2 kite shield {AC+3}
rNeg     + + +     Spirit   .   v - +2 hat
rPois    ∞         Reflect  .   X - amulet of magic regeneration
rElec    +         Harm     .   C - ring of wizardry
rCorr    +         Rampage  .   O - ring of resist corrosion
MR       ++...     Clarity  +   D - ring of positive energy
Stlth    ++++++....             M - ring of positive energy
HPRegen  0.33/turn              U - +6 ring of dexterity
MPRegen  0.47/turn              y - ring of see invisible
                                Z - ring of wizardry
                                k - ring of protection from cold

@: about to teleport, statue-form, grasped by roots, constricted, very slow
A: almost no armour, stealthy swim, amphibious, 8 rings, constrict 8, camouflage
1, clarity, magic resistance 1, screaming 1
a: End Transformation, Potion Petition, Call Merchant, Bribe Branch, Renounce
Religion


You were on level 3 of the Swamp.
You worshipped Gozag.
Gozag was most pleased with you.
You were a stone statue.
You visited 5 branches of the dungeon, and saw 27 of its levels.
You also visited: Ice Cave.

You collected 9431 gold pieces.
You spent 2390 gold pieces at shops.
You paid 5075 gold pieces to Gozag.

Inventory:

Hand Weapons
 h - a +1 dagger of venom
 x - a +8 scimitar of flaming (weapon)
Missiles
 b - 617 stones
 j - 8 atropa-tipped darts
 n - 64 poisoned darts (quivered)
Armour
 d - a +2 kite shield of protection (worn)
 v - a +2 hat (worn)
Magical Staves
 w - an uncursed staff of earth
Jewellery
 k - a ring of protection from cold (on tentacle)
 y - a ring of see invisible (on tentacle)
 C - a ring of wizardry (left tentacle)
 D - a ring of positive energy (on tentacle)
 M - a ring of positive energy (on tentacle)
 O - a ring of resist corrosion (right tentacle)
 U - a +6 ring of dexterity (on tentacle)
 X - an amulet of magic regeneration (around mantle)
 Z - a ring of wizardry (on tentacle)
Wands
 r - a wand of paralysis (13)
 t - a wand of flame (57)
 B - a wand of digging (10)
 F - a wand of polymorph (33)
 G - a wand of iceblast (4)
 J - a wand of enslavement (3)
 L - a wand of disintegration (47)
 S - a wand of acid (6)
Scrolls
 c - 5 scrolls of identify
 f - 5 scrolls of remove curse
 g - a scroll of silence
 i - 5 scrolls of magic mapping
 q - 3 scrolls of vulnerability
 A - 4 scrolls of amnesia
 E - 5 scrolls of fog
 I - a scroll of blinking
 K - 4 scrolls of teleportation
 T - a scroll of holy word
Potions
 a - a potion of cancellation
 e - 2 potions of brilliance
 o - 2 potions of resistance
 p - 3 potions of flight
 u - 8 potions of curing
 z - 5 potions of mutation
 H - 2 potions of might
 Y - 2 potions of stabbing
Miscellaneous
 P - a condenser vane (1/2)


   Skills:
 + Level 8.0 Fighting
 + Level 3.2 Long Blades
 + Level 8.8 Dodging
 + Level 11.6 Stealth
 + Level 10.0 Shields
 - Level 7.4 Unarmed Combat
 + Level 9.4 Spellcasting
 * Level 11.4 Conjurations
 - Level 7.2 Translocations
 - Level 10.2 Transmutations
 * Level 4.8 Fire Magic
 + Level 13.3 Earth Magic


You had 3 spell levels left.
You knew the following spells:

 Your Spells              Type           Power        Failure   Level
a - Sandblast             Erth           ######       1%          1
b - Passwall              Tmut/Erth      ######..     1%          2
c - Stone Arrow           Conj/Erth      ######       1%          3
d - Iskenderun's Mystic   Conj/Tloc      ######..     1%          4
e - Petrify               Tmut/Erth      ######..     1%          4
f - Lee's Rapid Deconstr  Erth           ######....   1%          5
g - Magic Dart            Conj           ####         1%          1
h - Apportation           Tloc           #####.       1%          1
i - Statue Form           Tmut/Erth      ######...    3%          6
j - Sticky Flame          Conj/Fire      ######..     1%          4

Your spell library contained the following spells:

 Spells                   Type           Power        Failure   Level
 Foxfire                  Conj/Fire      ####         1%          1
 Shock                    Conj/Air       ####         1%          1
 Sting                    Tmut/Pois      ####         1%          1
 Searing Ray              Conj           ######       1%          2
 Conjure Flame            Conj/Fire      ######..     1%          3
 Dazzling Flash           Conj/Hex       #####.       1%          3
 Ignite Poison            Fire/Tmut/Pois #####...     1%          3
 Mephitic Cloud           Conj/Pois/Air  ####....     1%          3
 Static Discharge         Conj/Air       #####...     1%          3
 Animate Skeleton         Necr           ##....       3%          1
 Corona                   Hex            ##.....      3%          1
 Freeze                   Ice            ##..         3%          1
 Pain                     Necr           ##..         3%          1
 Summon Small Mammal      Summ           ##..         3%          1
 Inner Flame              Hex/Fire       ###.....     3%          3
 Poisonous Vapours        Pois/Air       ##....       4%          2
 Swiftness                Air            ##......     4%          2
 Frozen Ramparts          Ice            ##....       9%          3
 Ozocubu's Armour         Ice            ##......     9%          3
 Vampiric Draining        Necr           ##........   9%          3
 Bolt of Magma            Conj/Fire/Erth ######....   1%          5
 Irradiate                Conj/Tmut      ######....   1%          5
 Iskenderun's Battlesphe  Conj           ######..     1%          5
 Fulminant Prism          Conj/Hex       #####.....   3%          4
 Hailstorm                Conj/Ice       #####...     3%          4
 Fireball                 Conj/Fire      ######....   3%          5
 Iron Shot                Conj/Erth      ######....   3%          6
 Hydra Form               Tmut           ######....   7%          6
 Lightning Bolt           Conj/Air       #####.....   8%          5
 Orb of Destruction       Conj           ######....   21%         7
 Airstrike                Air            ##........   26%         4
 Animate Dead             Necr           ##........   26%         4
 Cause Fear               Hex            ##........   26%         4
 Olgreb's Toxic Radiance  Pois           ##......     26%         4
 Summon Ice Beast         Ice/Summ       ##......     26%         4
 Dragon Form              Tmut           ######....   32%         7
 Agony                    Necr           ##......     56%         5
 Spellforged Servitor     Conj/Summ      #####.....   88%         7
 Ignition                 Fire           ####......   100%        8
 Dragon's Call            Summ           ##........   100%        9
 Shatter                  Erth           ######....   100%        9
 Tornado                  Air            ##........   100%        9


Dungeon Overview and Level Annotations

Branches:
Dungeon (15/15)            Temple (1/1) D:7            Lair (6/6) D:11
  Swamp (3/4) Lair:3       Spider (0/4) Lair:2          Orc (2/2) D:11
    Elf (0/3) Orc:2        Vaults (0/5) D:14          IceCv (visited)
  Slime: Lair:5-6    Depths: D:15

Altars:
Ashenzari
Dithmenos
Fedhas
Gozag
Kikubaaqudgha
Makhleb
Nemelex Xobeh
Okawaru
Qazlal
Ru
Sif Muna
Trog
Vehumet
Zin
The Shining One

Shops:
D:13 [   D:14 *?   Orc:2 [:[!   Lair:1 :=!=

Portals:
Trove: D:15 (show slimy rune of Zot)

Annotations:
D:13 exclusion: orange crystal statue
D:15 Kirke
Lair:3 exclusion: 3 oklob plants
Swamp:2 2 transporters, Urghud's ghost, journeyman MiBe


Innate Abilities, Weirdness & Mutations

You cannot wear most types of armour.
You are very stealthy in the water. (Stealth+)
You are amphibious.
You can wear up to eight rings at the same time.
You can use your tentacles to constrict eight enemies at once.
Your skin changes colour to match your surroundings (Stealth+).
((Your rubbery body absorbs attacks. (AC +1, EV +1)))
((You are partially covered in thin metallic scales. (AC +2)))
You possess an exceptional clarity of mind.
You are resistant to hostile enchantments. (MR+)
You occasionally shout uncontrollably at your foes.


Message History

As you read the scroll of fog, it crumbles to dust.
The scroll dissolves into smoke.
Roots burst forth from the earth!
The grasping roots grab you!
* * * LOW HITPOINT WARNING * * *
The grasping roots constrict you.
Okay, then.
As you read the scroll of teleportation, it crumbles to dust.
You feel strangely unstable. The roots lose their grip on you.
You enter the deep water.
You sink to the bottom.
Moving in this stuff is going to be slow.
Your surroundings suddenly seem different.
Roots burst forth from the earth!
The grasping roots grab you! The grasping roots constrict you.
* * * LOW HITPOINT WARNING * * *
The grasping roots constrict you!
As you read the scroll of teleportation, it crumbles to dust.
You feel strangely unstable.
You die...
Your body crumbles into a pile of gold.

.≈≈≈.≈♣>§§§§..≈≈≈...≈≈≈♣#.)...#
.≈≈≈≈♣♣.♣§§§§≈♣≈≈≈≈≈≈.≈♣#.....#
≈..)♣..♣♣♣§§≈≈≈..≈.≈≈≈§♣#.....#
♣≈≈...♣♣ ♣≈≈≈♣≈≈≈♣.♣≈≈.♣#.....#
♣♣...♣♣ ♣♣.≈...≈≈≈..♣≈.♣##...##
♣♣).♣♣ ♣...f≈.≈≈≈.♣≈..♣♣##.##
♣≈≈.♣ ♣♣...≈≈≈≈≈≈.≈≈.≈.....♣
♣♣..♣ ♣♣.♣...≈≈.≈≈.≈♣≈≈≈≈.♣♣
♣.≈♣♣♣≈.≈.≈.y8.♣♣♣..≈≈≈..♣
♣.≈.♣♣.≈♣≈.≈≈..♣ ♣♣♣≈≈≈.♣♣
♣♣≈.♣..$≈≈.≈≈.♣♣ ♣♣.≈.♣
♣..♣...≈≈.≈..♣ ♣.≈.♣♣
♣..≈≈..≈.≈§≈.♣ ♣≈≈..♣♣ ♣
♣.≈≈.§.≈≈≈≈≈.♣ ♣≈≈♣≈.♣ ♣♣ ♣
♣♣≈≈.≈.≈≈.≈..♣ ♣.≈...♣♣♣. ♣
♣≈.≈.≈§≈≈≈≈≈♣♣ ♣♣.≈.♣§♣... ♣
♣.≈≈≈.≈.≈≈≈≈.♣ ♣≈≈≈..≈§..≈


You could see a shambling mangrove and a hornet.

Vanquished Creatures
  Nikola (Swamp:2)
  Rupert (D:14)
  2 thorn hunters (Swamp:3)
  Louise (Swamp:3)
  Nessos (Lair:4)
  2 very ugly things (IceCv)
  A dire elephant (Lair:6)
  Josephine (D:11)
  A ghost crab (Swamp:3)
  2 boulder beetles
  4 shambling mangroves
  9 hydras
  A catoblepas (Lair:6)
  5 centaur warriors
  4 two-headed ogres
  7 alligators
  An ogre mage (D:14)
  A spriggan berserker (Swamp:2)
  4 death yaks (Lair:6)
  A deep troll shaman (Lair:6)
  Sonja (Orc:2)
  An orc high priest (Orc:1)
  A wizard (D:14)
  A spriggan druid (Swamp:2)
  4 orc knights
  4 swamp dragons
  3 unseen horrors
  Pikel (D:5)
  5 orc sorcerers
  A deep elf mage (D:15)
  2 cyclopes
  2 manticores (D:14)
  6 ugly things
  2 moths of wrath (Swamp:2)
  Maurice (D:8)
  A black mamba (shapeshifter) (D:13)
  15 elephants
  4 black mambas
  A torpor snail (Lair:4)
  A guardian serpent (shapeshifter) (D:15)
  21 cane toads
  Maggie (D:8)
  3 gargoyles
  9 komodo dragons
  6 ice statues
  3 centaur skeletons
  A rime drake (Lair:4)
  A kobold demonologist (D:14)
  A golden dragon simulacrum (IceCv)
  An efreet (D:14)
  A freezing wraith (D:14)
  A yaktaur (D:12)
  A tengu conjurer (D:13)
  5 trolls
  9 jumping spiders (Lair:2)
  A wolf spider simulacrum (D:14)
  13 hornets
  17 blink frogs
  8 tyrant leeches
  6 bog bodies
  2 polar bears (Lair:6)
  12 slime creatures
  5 dream sheep (Lair:2)
  Sigmund (D:6)
  7 shadows
  5 wraiths
  3 redbacks (Lair:2)
  4 spriggans
  2 wyverns
  Eustachio (D:4)
  5 humans (D:8)
  2 hogs (D:15)
  64 yaks
  2 basilisks
  A steam dragon (Lair:3)
  17 vampire mosquitoes
  10 swamp worms
  3 soldier ants
  An iron troll simulacrum (IceCv)
  7 insubstantial wisps
  Menkaure (D:4)
  3 harpy simulacra (IceCv)
  5 wargs
  3 acid dragons
  4 hydra simulacra (IceCv)
  Duvessa (D:4)
  11 water moccasins
  14 ice beasts
  4 swamp drakes
  5 sky beasts
  24 orc warriors
  4 black bears
  5 phantoms
  7 wolves
  19 ogres
  15 centaurs
  3 lemures (D:5)
  2 big kobolds
  20 bullfrogs
  A gnoll sergeant (D:9)
  Dowan (D:4)
  3 scorpions
  A wyvern skeleton (D:12)
  9 killer bees
  3 vampire bats (D:8)
  22 wights
  5 howler monkeys
  2 electric eels
  2 centaur zombies
  A crimson imp (D:10)
  A bullfrog zombie (D:7)
  3 quasits
  6 jellies
  22 orc priests
  3 hounds
  42 orc wizards
  Ijyb (D:3)
  Natasha (thrice) (D:4)
  3 bullfrog skeletons
  Jessica (D:3)
  4 iguanas
  6 worker ants
  6 hell rats (Lair:2)
  A killer bee zombie (D:4)
  8 ogre zombies (D:11)
  A hound zombie (D:10)
  A howler monkey zombie (D:6)
  Robin (D:3)
  A howler monkey skeleton (D:9)
  2 worker ant zombies
  11 adders
  12 gnolls
  3 shadow imps
  5 white imps
  5 ufetubi
  A worm (D:3)
  A dart slug (D:1)
  3 leopard geckos
  82 orcs
  6 bat skeletons (D:8)
  A bat zombie (D:8)
  6 giant cockroaches
  7 hobgoblins
  16 jackals
  4 quokkas
  5 bats
  3 frilled lizards
  15 goblins
  A goblin zombie (D:11)
  A hobgoblin skeleton (D:11)
  3 hobgoblin zombies (D:11)
  17 kobolds
  A leopard gecko skeleton (D:4)
  3 orc skeletons (D:11)
  17 orc zombies (D:11)
  3 rats
918 creatures vanquished.

Vanquished Creatures (collateral kills)
  A shadow (D:11)
  4 yaks
5 creatures vanquished.

Vanquished Creatures (others)
  An alligator (Swamp:3)
  A spriggan druid (Swamp:2)
  A vampire mosquito (Swamp:3)
  A water moccasin (D:15)
  An orc priest (Orc:1)
  A bush (Lair:2)
  66 fungi
  127 plants
199 creatures vanquished.

Grand Total: 1122 creatures vanquished

Notes
Turn   | Place    | Note
-------+----------+-------------------------------------------
     0 | D:1      | runemasterragnar the Octopode Earth Elementalist began the
                  | quest for the Orb.
     0 | D:1      | Reached XP level 1. HP: 11/11 MP: 3/3
    11 | D:1      | Found an iron altar of Okawaru.
   542 | D:1      | Reached XP level 2. HP: 14/17 MP: 5/5
  1593 | D:2      | Reached skill level 1 in Shields
  1593 | D:2      | Reached XP level 3. HP: 14/22 MP: 4/6
  1703 | D:2      | Learned a level 2 spell: Passwall
  1707 | D:2      | Learned a level 3 spell: Stone Arrow
  1937 | D:3      | Noticed Ijyb
  2087 | D:3      | Reached skill level 1 in Conjurations
  2087 | D:3      | Reached XP level 4. HP: 15/27 MP: 3/7
  2105 | D:2      | Learned a level 1 spell: Pain
  2424 | D:3      | Reached skill level 4 in Earth Magic
  2493 | D:3      | Reached XP level 5. HP: 25/32 MP: 6/8
  3046 | D:4      | Noticed Dowan
  3046 | D:4      | Noticed an ogre
  3048 | D:4      | Noticed Duvessa
  3095 | D:4      | Noticed Natasha
  3102 | D:4      | Killed Natasha
  3378 | D:3      | Killed Ijyb
  3584 | D:3      | Reached XP level 6. HP: 37/37 MP: 10/10
  3595 | D:3      | Found a sparkling altar of Nemelex Xobeh.
  3595 | D:3      | Noticed Jessica
  3596 | D:3      | Noticed Robin
  3618 | D:3      | Killed Jessica
  3622 | D:3      | Killed Robin
  3983 | D:4      | Noticed Eustachio
  4086 | D:4      | Noticed Menkaure
  4088 | D:4      | Killed Menkaure
  4088 | D:4      | Reached skill level 5 in Earth Magic
  4088 | D:4      | Reached XP level 7. HP: 42/42 MP: 8/11
  4210 | D:4      | Killed Eustachio
  4261 | D:4      | Noticed Natasha
  4267 | D:4      | Killed Natasha
  4564 | D:4      | Killed Duvessa
  4564 | D:4      | Reached skill level 6 in Earth Magic
  4564 | D:4      | Reached XP level 8. HP: 46/47 MP: 13/13
  4573 | D:4      | Killed Dowan
  4658 | D:4      | Noticed Natasha
  4669 | D:4      | Killed Natasha
  5329 | D:4      | Gained mutation: You occasionally shout uncontrollably at
                  | your foes. [potion of mutation]
  5329 | D:4      | Gained mutation: You possess an exceptional clarity of
                  | mind. [potion of mutation]
  5329 | D:4      | Gained mutation: You are resistant to hostile enchantments.
                  | (MR+) [potion of mutation]
  5329 | D:4      | Gained mutation: You are partially covered in thin metallic
                  | scales. (AC +2) [potion of mutation]
  5384 | D:5      | Entered Level 5 of the Dungeon
  5398 | D:5      | Reached skill level 5 in Conjurations
  5504 | D:5      | Found a sparkling altar of Nemelex Xobeh.
  5966 | D:5      | Reached skill level 7 in Earth Magic
  6010 | D:5      | Reached XP level 9. HP: 37/52 MP: 6/15
  6011 | D:5      | Identified the +1 falchion of Bloody Death {antimagic, +Inv
                  | rF++ Str-4 SInv}
  6562 | D:5      | Noticed Pikel
  6625 | D:5      | Killed Pikel
  6625 | D:5      | Reached skill level 5 in Spellcasting
  7088 | D:6      | Noticed Sigmund
  7100 | D:6      | Killed Sigmund
  7100 | D:6      | Reached skill level 5 in Shields
  7174 | D:6      | Reached skill level 8 in Earth Magic
  7816 | D:6      | Found a sacrificial altar of Ru.
  8321 | D:7      | Noticed a hornet
  8324 | D:7      | Killed a hornet
  8324 | D:7      | Reached skill level 1 in Fighting
  8324 | D:7      | Reached skill level 1 in Unarmed Combat
  8324 | D:7      | Reached XP level 10. HP: 58/58 MP: 8/18
  8338 | D:7      | Learned a level 4 spell: Petrify
  8492 | D:7      | Found a staircase to the Ecumenical Temple.
  8507 | Temple   | Entered the Ecumenical Temple
  8516 | Temple   | Became a worshipper of Gozag Ym Sagoz the Greedy
  9226 | D:7      | Learned a level 5 spell: Lee's Rapid Deconstruction
 10187 | D:8      | Noticed Maggie
 10198 | D:8      | Killed Maggie
 10198 | D:8      | Reached skill level 9 in Earth Magic
 11589 | D:8      | Noticed Maurice
 11595 | D:8      | Killed Maurice
 11850 | D:8      | Reached XP level 11. HP: 64/65 MP: 3/20
 11948 | D:8      | Found an ancient bone altar of Kikubaaqudgha.
 11964 | D:8      | Learned a level 1 spell: Magic Dart
 12011 | D:9      | Reached skill level 5 in Stealth
 13397 | D:10     | Entered Level 10 of the Dungeon
 13512 | D:11     | Found a staircase to the Lair.
 13550 | Lair:1   | Entered Level 1 of the Lair of Beasts
 13591 | Lair:1   | Bought a potion of heal wounds for 75 gold pieces
 13961 | Lair:1   | Noticed an eight-headed hydra
 15813 | Lair:2   | Noticed a four-headed hydra
 15830 | Lair:2   | Killed a four-headed hydra
 15830 | Lair:2   | Reached skill level 10 in Earth Magic
 16189 | Lair:2   | Reached skill level 5 in Transmutations
 16199 | Lair:2   | Reached XP level 12. HP: 64/73 MP: 3/21
 17047 | Lair:1   | Bought a potion of curing for 45 gold pieces
 17047 | Lair:1   | Bought a potion of curing for 45 gold pieces
 17047 | Lair:1   | Bought a potion of curing for 45 gold pieces
 17450 | Lair:2   | Found a hole to the Spider Nest.
 17451 | Lair:2   | HP: 3/74 [komodo dragon (24)]
 19998 | D:11     | Noticed a centaur warrior
 20155 | D:11     | Killed a centaur warrior
 20155 | D:11     | Reached skill level 5 in Dodging
 20913 | D:11     | Noticed Josephine
 21152 | D:11     | Noticed a two-headed ogre
 21173 | D:11     | Killed a two-headed ogre
 21238 | D:11     | HP: 3/75 [Josephine/ghostly fireball (38)]
 21239 | D:11     | Found a staircase to the Orcish Mines.
 21553 | Lair:1   | Bought a potion of curing for 45 gold pieces
 21553 | Lair:1   | Bought a potion of curing for 45 gold pieces
 22422 | Lair:2   | Reached skill level 10 in Conjurations
 23146 | Lair:2   | Noticed a boulder beetle
 23165 | Lair:2   | Killed a boulder beetle
 23165 | Lair:2   | Reached XP level 13. HP: 71/81 MP: 7/23
 23468 | Lair:3   | HP: 1/81 [black mamba (12)]
 23837 | Lair:3   | Got a jewelled whip
 23857 | Lair:3   | Reached skill level 11 in Earth Magic
 24326 | Lair:3   | Found a staircase to the Swamp.
 25223 | Lair:3   | Reached skill level 5 in Fighting
 25751 | Lair:4   | Learned a level 4 spell: Iskenderun's Mystic Blast
 25788 | Lair:3   | Reached skill level 5 in Unarmed Combat
 25919 | Lair:4   | Identified the +4 whip "Imp's Regret" {vorpal, +Rage rPois
                  | Str-5} (You found it on level 3 of the Lair of Beasts)
 26010 | Lair:4   | Noticed Nessos
 26023 | Lair:4   | Killed Nessos
 26023 | Lair:4   | Reached skill level 1 in Translocations
 28287 | D:12     | Found a sparkling altar of Nemelex Xobeh.
 28653 | D:12     | Learned a level 1 spell: Apportation
 29176 | D:13     | Found a stormy altar of Qazlal.
 29666 | D:13     | Found Hulieth's Armour Emporium.
 29927 | D:13     | Found a runed translucent door.
 31485 | D:13     | Noticed a crystal guardian
 31485 | D:13     | Noticed a crystal guardian
 31793 | D:13     | Reached XP level 14. HP: 88/88 MP: 3/25
 32336 | D:14     | Found Ecro's General Store.
 32387 | D:14     | Found Syuxtoa's Magic Scroll Shoppe.
 32640 | D:14     | Noticed Rupert
 33068 | D:14     | Found a gate to the Vaults.
 33255 | D:14     | Bought a scroll of identify for 24 gold pieces
 33255 | D:14     | Bought a scroll of identify for 24 gold pieces
 33257 | D:14     | Bought a scroll of identify for 24 gold pieces
 33257 | D:14     | Bought a scroll of identify for 24 gold pieces
 33257 | D:14     | Bought a scroll of identify for 24 gold pieces
 34277 | D:11     | Killed Josephine
 35100 | Lair:1   | Bought a book of Transfigurations for 880 gold pieces
 35107 | Lair:1   | Learned a level 6 spell: Statue Form
 35122 | Lair:1   | Reached skill level 12 in Earth Magic
 35632 | Lair:4   | Got a wavering bone ring
 35645 | Lair:4   | Identified the ring of Jilou {Ice rPois MP+9 Dex-2 Stlth+}
                  | (You found it on level 4 of the Lair of Beasts)
 36200 | Lair:4   | Reached skill level 5 in Translocations
 36442 | Lair:6   | Entered Level 6 of the Lair of Beasts
 36958 | Lair:6   | Reached XP level 15. HP: 95/95 MP: 21/27
 37250 | Lair:6   | Reached skill level 10 in Stealth
 38258 | Orc:1    | Entered Level 1 of the Orcish Mines
 38501 | Orc:2    | Entered Level 2 of the Orcish Mines
 39265 | Orc:2    | Noticed Sonja
 39606 | Orc:2    | Killed Sonja
 39911 | Orc:2    | Found a staircase to the Elven Halls.
 39948 | Orc:2    | Found Haol's Book Shop.
 39948 | Orc:2    | Found Vadeu's Distillery.
 39949 | Orc:2    | Found Cemoeru Wita's Armour Boutique.
 39952 | Orc:2    | Found Copyexta's Antique Armour Shop.
 40151 | Orc:2    | Bought a book of Power for 495 gold pieces
 40151 | Orc:2    | Bought a book of Flames for 385 gold pieces
 40156 | Orc:2    | Learned a level 4 spell: Sticky Flame
 40275 | D:14     | Killed Rupert
 40871 | D:14     | Reached skill level 10 in Transmutations
 41117 | D:15     | Entered Level 15 of the Dungeon
 41170 | D:15     | Found a portal to a secret trove of treasure.
 41589 | D:15     | Found a blossoming altar of Fedhas.
 41722 | D:15     | Noticed Kirke
 42366 | Lair:1   | Bought an uncursed ring of see invisible for 210 gold
                  | pieces
 42440 | Swamp:1  | Entered Level 1 of the Swamp
 42602 | Swamp:1  | Reached XP level 16. HP: 103/103 MP: 24/28
 42824 | Swamp:1  | Reached skill level 13 in Earth Magic
 42949 | Swamp:1  | Reached skill level 1 in Fire Magic
 44073 | Swamp:2  | Reached skill level 1 in Long Blades
 45494 | Swamp:2  | Identified the cursed +0 rapier of Moral Flaws {venom,
                  | Int+4}
 45495 | Swamp:2  | Identified the +7 quarterstaff "Suatina" {venom, rC+}
 45498 | Swamp:2  | Found a transporter.
 45540 | Swamp:2  | Found a bloodstained altar of Trog.
 45542 | Swamp:2  | Noticed Nikola
 45555 | Swamp:2  | Killed Nikola
 45622 | Swamp:2  | Noticed Urghud's ghost (journeyman MiBe)
 45631 | Swamp:2  | Found a transporter.
 46565 | Swamp:3  | Noticed a thorn hunter
 46578 | Swamp:3  | Killed a thorn hunter
 46588 | Swamp:3  | Found a frozen archway.
 46598 | IceCv    | Entered an ice cave
 48740 | Swamp:3  | Noticed a thorn hunter
 49180 | Swamp:3  | Killed a thorn hunter
 49726 | Swamp:3  | Noticed Louise
 49745 | Swamp:3  | Killed Louise
 49745 | Swamp:3  | Reached XP level 17. HP: 109/109 MP: 30/30
 49823 | Swamp:3  | Reached skill level 10 in Shields
 50022 | Swamp:3  | HP: 1/141 [shambling mangrove (13)]
 50023 | Swamp:3  | Demolished by a shambling mangrove

Illustrated notes

Levels and vault maps discovered:
D:1:      dpeg_arrival_water_altar, layout_basic
D:2:      layout_basic, minmay_pentomino_u4
D:3:      layout_rooms, nemelex_lonely_heart_becter, uniq_robin, uniq_ijyb
D:4:      layout_basic, uniq_eustachio, uniq_menkaure, uniq_duvessa,
          uniq_natasha
D:5:      layout_loops_ring, lemuel_tele_altar, uniq_pikel
D:6:      layout_loops_ring, nicolae_ru_awakened_eye, uniq_sigmund
D:7:      layout_gridville, minmay_temple_entry_waves
D:8:      layout_basic, kennysheep_vampire_church, minmay_ruffians, uniq_maggie,
          uniq_maurice
D:9:      layout_roguey, minivault_4
D:10:     layout_layer_cave, minmay_fire_ice_demons
D:11:     layout_cave_pools, lair_entry_dummy, zombieorc2_lemuel, uniq_josephine
D:12:     layout_grid_maze, st_stairs_3, nemelex_xobeh_ov_fountains_minmay
D:13:     layout_irregular_city, serial_shops, shop, basic_altar, drop_trap,
          minmay_crystal_box
D:14:     minmay_slanted_spiral_squares, layout_cross, david_vaults_1,
          serial_shops, nicolae_shop_temple_entry_statues_fountains,
          nicolae_shop_stone, kennysheep_nondescript, uniq_rupert
D:15:     grunt_enter_depths_magical_seal, layout_basic, enter_trove_0,
          fedhas_altar_3, uniq_kirke
Temple:   compressed_dpeg_triangle_lava_temple
Lair:1:   layout_gridlike, grunt_megastairs_4
Lair:2:   layout_chaotic_city, nicolae_spider_entry_tight_spaces
Lair:3:   layout_misc_corridors, skrybe_swamp_entry_bodies,
          grunt_forest_small_clearings, serial_bayou_pond_a,
          minmay_lair_oklob_chamber, lemuel_fruit_tree,
          infiniplex_staircase_pool_2, grunt_megastairs_1, serial_bayou_shore_a
Lair:4:   layout_gridlike, uniq_nessos
Lair:5:   gammafunk_boulding_lane, layout_gridlike, slime_altar_1,
          ebering_ghost_disaster_area
Lair:6:   grunt_lair_end_beastmaster, layout_hall_layers
Swamp:1:  layout_basic_swamp, evilmike_swamp_ruin_house_5
Swamp:2:  cheibrodos_swamp_heart_of_darkness, layout_falls_marsh,
          gammafunk_ghost_wrathful_warriors, serial_swamp_ruin,
          evilmike_swamp_ruin_house_2, evilmike_swamp_ruin_rubble_1,
          swamp_pool2, uniq_nikola
Swamp:3:  layout_falls_marsh, portal_ice_cave_entry_ice_statue_one,
          evilmike_swamp_ruin_wall, uniq_louise
Orc:1:    layout_caves
Orc:2:    st_orc_mages, layout_caves, uniq_sonja

Skill      XL: |  1  2  3  4  5  6  7  8  9 10 11 12 13 14 15 16 17 |
---------------+----------------------------------------------------+-----
Shields        | 1 2 3 4 5 6 7 8 9 10 | 10.0
Conjurations   | 1 2 3 4 6 7 8 9 10 11 | 11.4
Earth Magic    | 4 5 6 7 8 9 10 11 12 13 | 13.3
Spellcasting   | 3 4 5 6 7 8 9 |  9.4
Stealth        | 3 4 6 7 8 9 10 11 | 11.6
Fighting       | 1 2 3 4 5 6 7 8 |  8.0
Unarmed Combat | 1 2 3 4 5 6 7 |  7.4
Transmutations | 3 5 6 7 9 10 | 10.2
Dodging        | 3 4 5 6 7 8 |  8.8
Translocations | 3 5 7 |  7.2
Fire Magic     | 4 |  4.8
Long Blades    | 3 |  3.2

Action                   |  1- 3 |  4- 6 |  7- 9 | 10-12 | 13-15 | 16-18 || total
-------------------------+-------+-------+-------+-------+-------+-------++-------
Melee: Unarmed           |    47 |    19 |       |     4 |   787 |       ||   857
       Constrict         |    19 |    14 |    36 |    77 |   144 |    39 ||   329
       Tentacles         |     9 |    13 |    42 |    74 |   260 |    77 ||   475
       Staff             |    24 |    63 |       |       |     4 |       ||    91
       Dagger            |       |     5 |   176 |   406 |   338 |     7 ||   932
       Rapier            |       |       |    78 |       |       |       ||    78
       Punch             |       |       |       |    17 |    59 |    16 ||    92
       Scimitar          |       |       |       |       |    13 |   345 ||   358
Throw: Dart              |       |     5 |     9 |    51 |    16 |       ||    81
       Stone             |       |       |       |     1 |       |       ||     1
 Cast: Sandblast         |    18 |    45 |    57 |    50 |    80 |       ||   250
       Stone Arrow       |       |       |    13 |   215 |   168 |    31 ||   427
       Lee's Rapid Decon |       |       |       |    15 |    27 |    31 ||    73
       Pain              |       |       |       |     2 |       |       ||     2
       Magic Dart        |       |       |       |    34 |    19 |     1 ||    54
       Petrify           |       |       |       |    19 |    30 |     5 ||    54
       Iskenderun's Myst |       |       |       |       |    24 |    13 ||    37
       Apportation       |       |       |       |       |     1 |       ||     1
       Statue Form       |       |       |       |       |    65 |    47 ||   112
       Passwall          |       |       |       |       |     1 |       ||     1
       Sticky Flame      |       |       |       |       |       |    12 ||    12
Invok: Call Merchant     |       |       |       |     1 |     3 |       ||     4
       Potion Petition   |       |       |       |     3 |     1 |     3 ||     7
Evoke: Wand              |       |       |     4 |    21 |    22 |       ||    47
       Condenser vane    |       |       |       |       |     3 |     2 ||     5
  Use: Scroll            |     6 |     2 |     4 |    20 |    19 |    13 ||    64
       Potion            |     2 |     1 |     3 |    11 |     8 |     2 ||    27
 Stab: Sleeping          |     8 |     1 |     5 |    15 |    16 |     6 ||    51
       Distracted        |       |     1 |       |     2 |    17 |     1 ||    21
       Petrified         |       |       |       |    35 |    21 |     2 ||    58
       Paralysed         |       |       |       |     4 |       |       ||     4
       Petrifying        |       |       |       |     3 |       |       ||     3
       Confused          |       |       |       |       |       |     1 ||     1
Armor: Skin              |    22 |    30 |    44 |   100 |   604 |   379 ||  1179
Dodge: Dodged            |    33 |    44 |    93 |   248 |  1012 |   517 ||  1947
Block: Kite shield       |    32 |    47 |   125 |   269 |  1061 |   436 ||  1970
       Rpst.: Scimitar   |       |       |       |       |     2 |   127 ||   129

Table legend: (Time is in decaauts)
 A = Elapsed time spent in this place.
 B = Non-inter-level travel time spent in this place.
 C = Inter-level travel time spent in this place.
 D = Time resting spent in this place.
 E = Time spent auto-exploring this place.
 F = Levels seen in this place.
 G = Mean time per level.
                   A        B        C        D        E       F      G
               +--------+--------+--------+--------+--------+-----+--------+
         Total |  52836 |  51182 |   1654 |  17027 |  23889 |  28 | 1887.0 |
       Dungeon |  28283 |  27477 |    806 |   8036 |  13841 |  15 | 1885.5 |
        Temple |     18 |     18 |      0 |      0 |      1 |   1 |   18.0 |
          Lair |  13427 |  12694 |    733 |   5077 |   5435 |   6 | 2237.8 |
         Swamp |   7304 |   7270 |     34 |   2514 |   3187 |   3 | 2434.7 |
  Orcish Mines |   2283 |   2203 |     80 |    305 |   1266 |   2 | 1141.5 |
      Ice Cave |   1517 |   1517 |      0 |   1094 |    157 |   1 | 1517.0 |
               +--------+--------+--------+--------+--------+-----+--------+

Top non-repeatable levels by time:
  Lair:2: 3900 daAuts
  Lair:1: 3534 daAuts
    D:10: 3401 daAuts
 Swamp:2: 3005 daAuts
    D:13: 2952 daAuts
    D:12: 2550 daAuts
 Swamp:3: 2435 daAuts
    D:14: 2424 daAuts
  Lair:3: 2213 daAuts
    D:11: 2060 daAuts
  Lair:6: 2046 daAuts
     D:7: 1913 daAuts
 Swamp:1: 1863 daAuts
     D:5: 1677 daAuts
     D:3: 1669 daAuts
